Remparts vs Patriotes
Created - January 13, 2019 at 19:02
Goals
|
| Remparts |
0 |
1 |
0 |
1 |
| Patriotes |
1 |
0 |
2 |
3 |
|
Shots
|
| Remparts |
12 |
8 |
7 |
27 |
| Patriotes |
12 |
12 |
10 |
34 |
|
1st period
1. Patriotes , Jason Zucker 26 (Christian Hanson 29) at 7:42
Penalties :
Timothy Kunes (Nyc) for Interference (Minor) at 9:15
2nd period
2. Remparts , Cédric Lalonde-McNicoll 9 (Daniel Paille 19, Erik Gustafsson 15) at 7:14
Penalties :
Pontus Aberg (Que) for Roughing (Minor) at 0:07, Cédric Lalonde-McNicoll (Que) for Hooking (Minor) at 5:08, Jared Knight (Nyc) for Hooking (Minor) at 17:47
3rd period
3. Patriotes , Emerson Etem 15 (Dillon Heatherington 6, Evgeny Kuznetsov 31) at 5:43
4. Patriotes , Jason Zucker 27 (Christian Hanson 30) at 19:14 (Empty Net)
Penalties :
Ryan Strome (Que) for Diving (Minor) at 0:21, David Kolomatis (Nyc) for Hooking (Minor) at 8:59
Goalie Stats
Jason Missiaen (Que), 31 saves from 33 shots - (0.939), L, 14-10-1, 59:54 minutes
Thomas Greiss (Nyc), 26 saves from 27 shots - (0.963), W, 9-12-1, 60:00 minutes
Players Stats for Remparts
Player Name G A P +/- PIM S H SB GA TA FO MP PP MP PK MP
------------------------------------------------------------------------------------
Anton Zlobin 0 0 0 0 0 1 1 0 0 0 0/0 8:57 0:00 0:00
Brandon Gormley 0 0 0 -2 0 4 4 1 2 3 0/0 28:05 3:39 3:20
Brandon Mashinter 0 0 0 -1 0 4 2 0 0 1 4/10 14:55 0:05 1:56
Cédric Lalonde-McNicoll 1 0 1 1 2 3 3 1 0 0 4/14 15:39 2:48 1:16
Chris Mueller 0 0 0 0 0 1 2 0 0 0 1/1 9:11 0:00 0:14
Daniel Paille 0 1 1 1 0 0 3 1 0 0 0/2 16:49 2:50 2:58
Erik Gustafsson 0 1 1 -1 0 1 1 1 0 2 0/0 25:02 3:39 2:30
Griffin Reinhart 0 0 0 -1 0 0 1 1 0 0 0/0 18:53 2:10 0:07
Justin Williams 0 0 0 -1 0 3 2 2 0 0 1/1 9:58 0:05 0:00
Juuso Ikonen 0 0 0 0 0 0 0 0 0 1 0/0 10:50 0:03 1:12
Max Reinhart 0 0 0 -1 0 2 3 1 0 1 16/29 21:29 3:04 2:58
Michal Jordan 0 0 0 0 0 0 2 0 0 0 0/0 22:46 2:10 2:30
Nail Yakupov 0 0 0 0 0 1 2 0 0 0 0/0 14:30 2:48 0:00
Niklas Hansson 0 0 0 0 0 0 0 0 0 1 0/0 14:16 0:08 3:20
Pontus Aberg 0 0 0 -2 2 2 2 1 1 1 0/0 18:40 3:04 0:00
Roberts Lipsbergs 0 0 0 -1 0 0 0 0 0 0 0/0 11:29 0:00 0:00
Ryan Strome 0 0 0 -2 2 4 1 1 1 1 0/1 21:33 3:04 1:20
Viktor Baldayev 0 0 0 0 0 1 0 0 0 0 0/0 10:58 0:08 0:07
Players Stats for Patriotes
Player Name G A P +/- PIM S H SB GA TA FO MP PP MP PK MP
------------------------------------------------------------------------------------
Aleksander Barkov 0 0 0 0 0 3 2 0 1 0 3/6 12:29 0:00 0:00
Austin Watson 0 0 0 -1 0 0 0 0 0 0 0/0 3:59 0:04 0:56
Borna Rendulic 0 0 0 0 0 0 7 1 0 0 0/0 12:29 0:00 0:00
Christian Hanson 0 2 2 2 0 1 1 1 0 0 21/33 19:38 3:08 2:58
Dale Weise 0 0 0 0 0 1 3 0 0 0 0/0 7:15 0:00 0:00
David Kolomatis 0 0 0 -1 2 1 1 1 0 1 0/0 25:34 2:19 2:03
Dillon Heatherington 0 1 1 2 0 1 4 0 0 0 0/0 13:12 0:00 1:22
Emerson Etem 1 0 1 1 0 3 2 1 1 0 0/0 17:19 2:45 0:00
Evgeny Kuznetsov 0 1 1 1 0 2 3 0 1 0 3/7 16:41 2:45 0:03
Jared Knight 0 0 0 0 2 0 0 0 1 0 1/3 7:15 0:00 0:00
Jason Zucker 2 0 2 1 0 6 0 0 3 0 2/5 19:26 3:12 3:02
Justin Florek 0 0 0 0 0 2 1 1 0 0 0/0 12:29 0:00 0:00
Mario Lucia 0 0 0 0 0 0 0 0 0 0 0/0 0:00 0:00 0:00
Matt Calvert 0 0 0 1 0 7 2 0 1 1 0/0 19:08 2:45 1:42
Maxim Mamin 0 0 0 0 0 0 0 0 0 0 0/0 0:00 0:00 0:00
Riley Barber 0 0 0 0 0 0 0 0 0 0 0/0 1:58 0:00 1:31
Robert Baillargeon 0 0 0 0 0 0 0 0 0 0 0/0 0:00 0:00 0:00
Ryan Fitzgerald 0 0 0 -1 0 0 0 0 0 0 0/0 0:13 0:04 0:00
Shane Sims 0 0 0 1 0 1 4 3 0 0 0/0 27:01 3:38 2:57
Shea Theodore 0 0 0 -1 0 1 1 2 1 1 0/0 21:26 2:19 3:18
Timothy Kunes 0 0 0 3 2 2 5 2 1 0 0/0 28:48 3:38 2:14
Tyler Randell 0 0 0 2 0 3 5 1 0 1 2/3 20:25 3:08 1:42
Vince Hinostroza 0 0 0 0 0 0 0 0 1 0 0/1 7:15 0:00 0:00
3 Stars
1 - Jason Zucker (Nyc)
2 - Thomas Greiss (Nyc)
3 - Christian Hanson (Nyc)
Power Play
Remparts - 0 on 3 Attempt(s) - 0.00%
Patriotes - 0 on 3 Attempt(s) - 0.00%
Penalty Kill
Remparts - 3 on 3 Attempt(s) - 100.00%
- Score 0 goal in Penalty Kill
Patriotes - 3 on 3 Attempt(s) - 100.00%
- Score 0 goal in Penalty Kill
Team Stat
Remparts - Hits : 29 - Faceoff Wins : 26 - Blocked Shots : 10 - Penalty Minutes : 6
Patriotes - Hits : 41 - Faceoff Wins : 32 - Blocked Shots : 13 - Penalty Minutes : 6
Official
Referees : Unknown
Linesman : Unknown
Game Notes
Justin Williams is injured at 14:54 of 3rd period (Back)
Jason Zucker has scored in a empty net!
Finance
Level 1 -- Attendance: 1613 (80.65%) -- Ticket Income $64,520
Level 2 -- Attendance: 741 (74.10%) -- Ticket Income $14,820
Total Attendance: 2354 (78.47%)
Total Ticket Income: $79,340
Other Income: $3,967
Total Income: $83,307
Remparts
5 vs 5 Forward
Center Left Wing Right Wing Time % Phy DF OF
1 Max Reinhart Pontus Aberg Ryan Strome 40 1 2 2
2 Cédric Lalonde-McNicoll Daniel Paille Nail Yakupov 30 1 2 2
3 Brandon Mashinter Roberts Lipsbergs Justin Williams 20 1 2 2
4 Chris Mueller Juuso Ikonen Anton Zlobin 10 1 2 2
5 vs 5 Defense
Defense Defense Time % Phy DF OF
1 Brandon Gormley Erik Gustafsson 40 1 2 2
2 Griffin Reinhart Michal Jordan 30 1 2 2
3 Viktor Baldayev Niklas Hansson 20 1 2 2
4 Brandon Gormley Michal Jordan 10 1 2 2
PowerPlay Forward
Center Left Wing Right Wing Time % Phy DF OF
1 Max Reinhart Pontus Aberg Ryan Strome 60 1 2 2
2 Cédric Lalonde-McNicoll Daniel Paille Nail Yakupov 40 1 2 2
PowerPlay Defense
Defense Defense Time % Phy DF OF
1 Brandon Gormley Erik Gustafsson 60 1 2 2
2 Michal Jordan Griffin Reinhart 40 1 2 2
Penalty Kill 4 Players Forward
Center Wing Time % Phy DF OF
1 Max Reinhart Daniel Paille 60 1 2 2
2 Cédric Lalonde-McNicoll Ryan Strome 40 1 2 2
Penalty Kill 4 Players Defense
Defense Defense Time % Phy DF OF
1 Brandon Gormley Niklas Hansson 60 1 2 2
2 Erik Gustafsson Michal Jordan 40 1 2 2
Penalty Kill - 3 Players Forward
Forward Time % Phy DF OF
1 Max Reinhart 60 1 2 2
2 Cédric Lalonde-McNicoll 40 1 2 2
Penalty Kill - 3 Players Defense
Defense Defense Time % Phy DF OF
1 Brandon Gormley Niklas Hansson 60 1 2 2
2 Erik Gustafsson Michal Jordan 40 1 2 2
4 vs 4 Forward
Center Wing Time % Phy DF OF
1 Max Reinhart Pontus Aberg 60 1 2 2
2 Cédric Lalonde-McNicoll Ryan Strome 40 1 2 2
4 vs 4 Defense
Defense Defense Time % Phy DF OF
1 Brandon Gormley Erik Gustafsson 60 1 2 2
2 Michal Jordan Griffin Reinhart 40 1 2 2
Last Minutes Offensive
Center Left Wing Right Wing Defense Defense
Max Reinhart Pontus Aberg Ryan Strome Brandon Gormley Erik Gustafsson
Last Minutes Defensive
Center Left Wing Right Wing Defense Defense
Max Reinhart Daniel Paille Ryan Strome Brandon Gormley Niklas Hansson
Goaltenders
Starting : Jason Missiaen
Backup : Tyler Plante
Extra Forwards
Normal : Ryan Strome, Nail Yakupov, Max Reinhart - PP : Nail Yakupov, Ryan Strome - PK : Brandon Mashinter
Extra Defensemen
Normal : Griffin Reinhart, Brandon Gormley, Michal Jordan - PP : Griffin Reinhart - PK : Griffin Reinhart, Michal Jordan
Penalty Shots
Daniel Paille, Ryan Strome, Max Reinhart, Brandon Mashinter, Pontus Aberg
Scratches
Michael Downing (Healthy), Keaton Thompson (Healthy), Guillaume Desbiens (Sprained Left Finger Injury), Kyle Platzer (Healthy), Connor Honey (Healthy)
Mitchell Heard (Healthy), Tim Bozon (Healthy), Igor Bobkov (Healthy), François Brassard (Healthy)
Patriotes
5 vs 5 Forward
Center Left Wing Right Wing Time % Phy DF OF
1 Christian Hanson Jason Zucker Tyler Randell 40 1 2 2
2 Evgeny Kuznetsov Matt Calvert Emerson Etem 30 1 2 2
3 Aleksander Barkov Justin Florek Borna Rendulic 20 1 2 2
4 Jared Knight Vince Hinostroza Dale Weise 10 1 2 2
5 vs 5 Defense
Defense Defense Time % Phy DF OF
1 Timothy Kunes Shane Sims 40 1 2 2
2 David Kolomatis Shea Theodore 30 1 2 2
3 Dillon Heatherington Timothy Kunes 20 1 2 2
4 Shane Sims David Kolomatis 10 1 2 2
PowerPlay Forward
Center Left Wing Right Wing Time % Phy DF OF
1 Christian Hanson Jason Zucker Tyler Randell 60 1 2 2
2 Evgeny Kuznetsov Matt Calvert Emerson Etem 40 1 2 2
PowerPlay Defense
Defense Defense Time % Phy DF OF
1 Timothy Kunes Shane Sims 60 1 2 2
2 David Kolomatis Shea Theodore 40 1 2 2
Penalty Kill 4 Players Forward
Center Wing Time % Phy DF OF
1 Jason Zucker Christian Hanson 60 1 2 2
2 Tyler Randell Matt Calvert 40 1 2 2
Penalty Kill 4 Players Defense
Defense Defense Time % Phy DF OF
1 Timothy Kunes Shane Sims 60 1 2 2
2 David Kolomatis Shea Theodore 40 1 2 2
Penalty Kill - 3 Players Forward
Forward Time % Phy DF OF
1 Jason Zucker 60 1 2 2
2 Christian Hanson 40 1 2 2
Penalty Kill - 3 Players Defense
Defense Defense Time % Phy DF OF
1 Timothy Kunes Shane Sims 60 1 2 2
2 David Kolomatis Shea Theodore 40 1 2 2
4 vs 4 Forward
Center Wing Time % Phy DF OF
1 Jason Zucker Christian Hanson 60 1 2 2
2 Tyler Randell Matt Calvert 40 1 2 2
4 vs 4 Defense
Defense Defense Time % Phy DF OF
1 Timothy Kunes Shane Sims 60 1 2 2
2 David Kolomatis Shea Theodore 40 1 2 2
Last Minutes Offensive
Center Left Wing Right Wing Defense Defense
Christian Hanson Jason Zucker Tyler Randell Timothy Kunes Shane Sims
Last Minutes Defensive
Center Left Wing Right Wing Defense Defense
Christian Hanson Jason Zucker Tyler Randell Timothy Kunes Shane Sims
Goaltenders
Starting : Thomas Greiss
Backup : Andrei Vasilevskiy
Extra Forwards
Normal : Austin Watson, Ryan Fitzgerald, Riley Barber - PP : Austin Watson, Ryan Fitzgerald - PK : Riley Barber
Extra Defensemen
Normal : Dillon Heatherington, Shea Theodore, Timothy Kunes - PP : Dillon Heatherington - PK : Shea Theodore, Timothy Kunes
Penalty Shots
Jason Zucker, Christian Hanson, Tyler Randell, Matt Calvert, Evgeny Kuznetsov
Scratches
Aaron Ness (Suspend), Phoenix Copley (Healthy)
% Time on Ice - Remparts
Lines # - Real PCT - Wanted PCT - Time Play
Normal Forward
1 - 33% - 40% - 15:51
2 - 24% - 30% - 11:32
3 - 24% - 20% - 11:29
4 - 19% - 10% - 8:57
Normal Defense
1 - 41% - 40% - 19:45
2 - 34% - 30% - 16:17
3 - 21% - 20% - 9:58
4 - 4% - 10% - 1:49
PP Forward
1 - 52% - 60% - 3:07
2 - 48% - 40% - 2:50
PP Defense
1 - 64% - 60% - 3:47
2 - 36% - 40% - 2:10
PK Forward
1 - 66% - 60% - 3:54
2 - 34% - 40% - 2:03
PK Defense
1 - 58% - 60% - 3:27
2 - 42% - 40% - 2:30
PK3 Forward
1 - 0% - 60%
2 - 0% - 40%
PK3 Defense
1 - 0% - 60%
2 - 0% - 40%
44 Forward
1 - 0% - 60%
2 - 0% - 40%
44 Defense
1 - 0% - 60%
2 - 0% - 40%
Last Minute Offensive - 0:17
Last Minute Defensive - 0:00
Total
Forward - 60:00
Defense - 60:00
|
% Time on Ice - Patriotes
Lines # - Real PCT - Wanted PCT - Time Play
Normal Forward
1 - 28% - 40% - 13:22
2 - 31% - 30% - 14:43
3 - 26% - 20% - 12:29
4 - 15% - 10% - 7:15
Normal Defense
1 - 36% - 40% - 17:25
2 - 30% - 30% - 14:30
3 - 21% - 20% - 10:14
4 - 12% - 10% - 5:40
PP Forward
1 - 54% - 60% - 3:12
2 - 46% - 40% - 2:45
PP Defense
1 - 61% - 60% - 3:38
2 - 39% - 40% - 2:19
PK Forward
1 - 71% - 60% - 4:15
2 - 29% - 40% - 1:42
PK Defense
1 - 64% - 60% - 3:50
2 - 36% - 40% - 2:07
PK3 Forward
1 - 0% - 60%
2 - 0% - 40%
PK3 Defense
1 - 0% - 60%
2 - 0% - 40%
44 Forward
1 - 0% - 60%
2 - 0% - 40%
44 Defense
1 - 0% - 60%
2 - 0% - 40%
Last Minute Offensive - 0:00
Last Minute Defensive - 0:17
Total
Forward - 60:00
Defense - 60:00
|
Play-by-Play
1st period
0:01 of 1st period - Max Reinhart wins face-off versus Christian Hanson in neutral zone.
0:06 of 1st period - Tyler Randell is hit by Ryan Strome and loses puck.
0:25 of 1st period - Timothy Kunes is hit by Brandon Gormley and loses puck.
0:44 of 1st period - Griffin Reinhart is hit by Borna Rendulic and loses puck.
0:51 of 1st period - Shane Sims is hit by Michal Jordan and loses puck.
1:49 of 1st period - David Kolomatis is hit by Cédric Lalonde-McNicoll and loses puck.
2:06 of 1st period - Justin Florek is hit by Justin Williams.
2:31 of 1st period - Erik Gustafsson is hit by Borna Rendulic and loses puck.
2:52 of 1st period - Wrist shot by Justin Florek.
2:52 of 1st period - Stopped by Jason Missiaen without a rebound.
2:53 of 1st period - Evgeny Kuznetsov wins face-off versus Ryan Strome in Remparts zone.
2:58 of 1st period - Wrist shot by Matt Calvert.
2:58 of 1st period - Stopped by Jason Missiaen without a rebound.
2:59 of 1st period - Max Reinhart wins face-off versus Evgeny Kuznetsov in Remparts zone.
3:21 of 1st period - Michal Jordan is hit by Emerson Etem and loses puck.
3:36 of 1st period - Snap shot by Matt Calvert.
3:36 of 1st period - Stopped by Jason Missiaen without a rebound.
3:37 of 1st period - Christian Hanson wins face-off versus Cédric Lalonde-McNicoll in Remparts zone.
3:40 of 1st period - Wrist shot by Jason Zucker.
3:40 of 1st period - Shot Blocked by Erik Gustafsson.
3:42 of 1st period - Slapshot by David Kolomatis.
3:42 of 1st period - Shot Misses the Net.
3:44 of 1st period - Slapshot by David Kolomatis.
3:44 of 1st period - Stopped by Jason Missiaen with a rebound.
3:46 of 1st period - Slapshot by David Kolomatis.
3:46 of 1st period - Shot Misses the Net.
4:22 of 1st period - Slapshot by Brandon Gormley.
4:22 of 1st period - Stopped by Thomas Greiss with a rebound.
4:24 of 1st period - Slapshot by Brandon Gormley.
4:24 of 1st period - Shot Blocked by Shane Sims.
4:26 of 1st period - Snap shot by Erik Gustafsson.
4:26 of 1st period - Stopped by Thomas Greiss with a rebound.
4:28 of 1st period - Slapshot by Brandon Gormley.
4:28 of 1st period - Deflect By Chris Mueller.
4:28 of 1st period - Shot Blocked by Justin Florek.
4:28 of 1st period - Puck is out of play.
4:29 of 1st period - Christian Hanson wins face-off versus Max Reinhart in Patriotes zone.
4:42 of 1st period - Snap shot by Max Reinhart.
4:42 of 1st period - Stopped by Thomas Greiss with a rebound.
4:54 of 1st period - Evgeny Kuznetsov is hit by Daniel Paille and loses puck.
6:07 of 1st period - Snap shot by Daniel Paille.
6:07 of 1st period - Deflect By Nail Yakupov.
6:07 of 1st period - Shot Misses the Net.
6:07 of 1st period - Puck is out of play.
6:08 of 1st period - Christian Hanson wins face-off versus Cédric Lalonde-McNicoll in Patriotes zone.
6:13 of 1st period - Snap shot by Jason Zucker.
6:13 of 1st period - Stopped by Jason Missiaen with a rebound.
6:21 of 1st period - Wrist shot by Jason Zucker.
6:21 of 1st period - Stopped by Jason Missiaen without a rebound.
6:22 of 1st period - Max Reinhart wins face-off versus Evgeny Kuznetsov in Remparts zone.
6:48 of 1st period - Off-side.
6:49 of 1st period - Christian Hanson wins face-off versus Daniel Paille in neutral zone.
7:02 of 1st period - Wrist shot by Daniel Paille.
7:02 of 1st period - Shot Blocked by Tyler Randell.
7:19 of 1st period - Slapshot by Brandon Gormley.
7:19 of 1st period - Stopped by Thomas Greiss without a rebound.
7:20 of 1st period - Max Reinhart wins face-off versus Evgeny Kuznetsov in Patriotes zone.
7:38 of 1st period - Wrist shot by Matt Calvert.
7:38 of 1st period - Stopped by Jason Missiaen without a rebound.
7:39 of 1st period - Christian Hanson wins face-off versus Brandon Mashinter in Remparts zone.
7:42 of 1st period - Snap shot by Jason Zucker.
7:42 of 1st period - Goal by Jason Zucker - Remparts : 0 - Patriotes : 1.
7:43 of 1st period - Cédric Lalonde-McNicoll wins face-off versus Christian Hanson in neutral zone.
7:47 of 1st period - Off-side.
7:48 of 1st period - Cédric Lalonde-McNicoll wins face-off versus Tyler Randell in neutral zone.
8:20 of 1st period - Wrist shot by Aleksander Barkov.
8:20 of 1st period - Shot Misses the Net.
8:32 of 1st period - Wrist shot by Emerson Etem.
8:32 of 1st period - Stopped by Jason Missiaen without a rebound.
8:33 of 1st period - Brandon Mashinter wins face-off versus Evgeny Kuznetsov in Remparts zone.
8:40 of 1st period - Snap shot by Matt Calvert.
8:40 of 1st period - Stopped by Jason Missiaen without a rebound.
8:41 of 1st period - Max Reinhart wins face-off versus Christian Hanson in Remparts zone.
8:41 of 1st period - Max Reinhart is hit by Timothy Kunes.
8:51 of 1st period - Backhand shot by Max Reinhart.
8:51 of 1st period - Stopped by Thomas Greiss without a rebound.
8:52 of 1st period - Brandon Mashinter wins face-off versus Christian Hanson in Patriotes zone.
8:59 of 1st period - Wrist shot by Justin Williams.
8:59 of 1st period - Stopped by Thomas Greiss without a rebound.
9:00 of 1st period - Justin Williams wins face-off versus Christian Hanson in Patriotes zone.
9:07 of 1st period - Wrist shot by Brandon Mashinter.
9:07 of 1st period - Stopped by Thomas Greiss with a rebound.
9:09 of 1st period - Snap shot by Brandon Mashinter.
9:09 of 1st period - Shot Blocked by Timothy Kunes.
9:11 of 1st period - Wrist shot by Justin Williams.
9:11 of 1st period - Stopped by Thomas Greiss without a rebound.
9:12 of 1st period - Christian Hanson wins face-off versus Max Reinhart in Patriotes zone.
9:12 of 1st period - Christian Hanson is hit by Max Reinhart.
9:15 of 1st period - Minor Penalty to Timothy Kunes for Interference.
9:16 of 1st period - Jason Zucker wins face-off versus Max Reinhart in Patriotes zone.
10:59 of 1st period - Max Reinhart is hit by Tyler Randell and loses puck.
11:15 of 1st period - Penalty to Timothy Kunes is over, Timothy Kunes is back on ice.
11:22 of 1st period - Snap shot by Timothy Kunes.
11:22 of 1st period - Stopped by Jason Missiaen with a rebound.
11:44 of 1st period - Justin Williams is hit by Timothy Kunes and loses puck.
12:18 of 1st period - Viktor Baldayev is hit by Shane Sims and loses puck.
12:37 of 1st period - Brandon Gormley is hit by Borna Rendulic and loses puck.
13:08 of 1st period - Michal Jordan is hit by Evgeny Kuznetsov and loses puck.
13:28 of 1st period - Tyler Randell is hit by Cédric Lalonde-McNicoll.
13:35 of 1st period - Icing by Nail Yakupov.
13:36 of 1st period - Max Reinhart wins face-off versus Jared Knight in Remparts zone.
13:41 of 1st period - Slapshot by Max Reinhart.
13:41 of 1st period - Shot Blocked by Timothy Kunes.
13:47 of 1st period - Max Reinhart is hit by Dale Weise and loses puck.
14:06 of 1st period - Brandon Gormley is hit by Dillon Heatherington and loses puck.
14:15 of 1st period - Wrist shot by Brandon Gormley.
14:15 of 1st period - Stopped by Thomas Greiss without a rebound.
14:16 of 1st period - Cédric Lalonde-McNicoll wins face-off versus Christian Hanson in Patriotes zone.
15:12 of 1st period - Slapshot by Aleksander Barkov.
15:12 of 1st period - Shot Misses the Net.
15:14 of 1st period - Slapshot by Justin Florek.
15:14 of 1st period - Shot Blocked by Justin Williams.
15:29 of 1st period - Brandon Gormley is hit by Dale Weise and loses puck.
15:48 of 1st period - Christian Hanson is hit by Cédric Lalonde-McNicoll and loses puck.
16:35 of 1st period - Shea Theodore is hit by Justin Williams and loses puck.
16:50 of 1st period - Jason Zucker is hit by Daniel Paille and loses puck.
17:16 of 1st period - Juuso Ikonen is hit by Shane Sims and loses puck.
17:29 of 1st period - Michal Jordan is hit by Shane Sims and loses puck.
17:48 of 1st period - Ryan Strome is hit by Aleksander Barkov.
17:52 of 1st period - Max Reinhart is hit by Borna Rendulic and loses puck.
17:59 of 1st period - Snap shot by Pontus Aberg.
17:59 of 1st period - Stopped by Thomas Greiss without a rebound.
18:00 of 1st period - Christian Hanson wins face-off versus Cédric Lalonde-McNicoll in Patriotes zone.
18:05 of 1st period - Snap shot by Cédric Lalonde-McNicoll.
18:05 of 1st period - Stopped by Thomas Greiss with a rebound.
18:54 of 1st period - Snap shot by Brandon Mashinter.
18:54 of 1st period - Stopped by Thomas Greiss with a rebound.
19:04 of 1st period - Shea Theodore is hit by Brandon Gormley and loses puck.
19:17 of 1st period - Snap shot by Matt Calvert.
19:17 of 1st period - Stopped by Jason Missiaen with a rebound.
19:29 of 1st period - Emerson Etem is hit by Chris Mueller and loses puck.
19:34 of 1st period - Snap shot by Brandon Gormley.
19:34 of 1st period - Shot Blocked by Emerson Etem.
19:36 of 1st period - Snap shot by Brandon Gormley.
19:36 of 1st period - Shot Blocked by David Kolomatis.
19:40 of 1st period - Backhand shot by Brandon Gormley.
19:40 of 1st period - Deflect By Anton Zlobin.
19:40 of 1st period - Shot Misses the Net.
19:40 of 1st period - Puck is out of play.
19:41 of 1st period - Christian Hanson wins face-off versus Max Reinhart in Patriotes zone.
19:41 of 1st period - Christian Hanson is hit by Max Reinhart.
Goals for this period are 0 for Remparts vs 1 for Patriotes.
Shots for this period are 12 for Remparts vs 12 for Patriotes.
2nd period
0:01 of 2nd period - Christian Hanson wins face-off versus Max Reinhart in neutral zone.
0:07 of 2nd period - Minor Penalty to Pontus Aberg for Roughing.
0:08 of 2nd period - Christian Hanson wins face-off versus Max Reinhart in Remparts zone.
0:13 of 2nd period - Wrist shot by Christian Hanson.
0:13 of 2nd period - Shot Blocked by Max Reinhart.
0:23 of 2nd period - Max Reinhart is hit by Christian Hanson.
0:33 of 2nd period - Brandon Gormley is hit by Matt Calvert and loses puck.
0:40 of 2nd period - Snap shot by Evgeny Kuznetsov.
0:40 of 2nd period - Stopped by Jason Missiaen with a rebound.
1:12 of 2nd period - Slapshot by Brandon Gormley.
1:12 of 2nd period - Stopped by Thomas Greiss with a rebound.
1:42 of 2nd period - Michal Jordan is hit by Shane Sims.
2:07 of 2nd period - Penalty to Pontus Aberg is over, Pontus Aberg is back on ice.
2:09 of 2nd period - Wrist shot by Brandon Mashinter.
2:09 of 2nd period - Shot Misses the Net.
2:39 of 2nd period - Timothy Kunes is hit by Chris Mueller and loses puck.
3:01 of 2nd period - Icing by Griffin Reinhart.
3:02 of 2nd period - Max Reinhart wins face-off versus Jared Knight in Remparts zone.
3:15 of 2nd period - Snap shot by Ryan Strome.
3:15 of 2nd period - Stopped by Thomas Greiss without a rebound.
3:16 of 2nd period - Christian Hanson wins face-off versus Cédric Lalonde-McNicoll in Patriotes zone.
3:18 of 2nd period - Icing by Jason Zucker.
3:19 of 2nd period - Christian Hanson wins face-off versus Cédric Lalonde-McNicoll in Patriotes zone.
3:34 of 2nd period - Wrist shot by Jason Zucker.
3:34 of 2nd period - Stopped by Jason Missiaen with a rebound.
3:46 of 2nd period - Wrist shot by Ryan Strome.
3:46 of 2nd period - Deflect By Pontus Aberg.
3:46 of 2nd period - Shot Misses the Net.
3:46 of 2nd period - Puck is out of play.
3:47 of 2nd period - Evgeny Kuznetsov wins face-off versus Max Reinhart in Patriotes zone.
4:10 of 2nd period - Slapshot by Ryan Strome.
4:10 of 2nd period - Shot Misses the Net.
4:30 of 2nd period - Slapshot by Matt Calvert.
4:30 of 2nd period - Stopped by Jason Missiaen with a rebound.
4:32 of 2nd period - Wrist shot by Emerson Etem.
4:32 of 2nd period - Stopped by Jason Missiaen with a rebound.
4:34 of 2nd period - Slapshot by Matt Calvert.
4:34 of 2nd period - Shot Misses the Net.
4:36 of 2nd period - Snap shot by Matt Calvert.
4:36 of 2nd period - Stopped by Jason Missiaen with a rebound.
4:38 of 2nd period - Snap shot by Evgeny Kuznetsov.
4:38 of 2nd period - Shot Misses the Net.
4:40 of 2nd period - Snap shot by Evgeny Kuznetsov.
4:40 of 2nd period - Stopped by Jason Missiaen without a rebound.
4:41 of 2nd period - Christian Hanson wins face-off versus Cédric Lalonde-McNicoll in Remparts zone.
4:44 of 2nd period - Wrist shot by Christian Hanson.
4:44 of 2nd period - Shot Misses the Net.
4:46 of 2nd period - Snap shot by Tyler Randell.
4:46 of 2nd period - Stopped by Jason Missiaen without a rebound.
4:47 of 2nd period - Christian Hanson wins face-off versus Cédric Lalonde-McNicoll in Remparts zone.
5:02 of 2nd period - Snap shot by Christian Hanson.
5:02 of 2nd period - Shot Misses the Net.
5:08 of 2nd period - Minor Penalty to Cédric Lalonde-McNicoll for Hooking.
5:09 of 2nd period - Christian Hanson wins face-off versus Max Reinhart in Remparts zone.
5:10 of 2nd period - Slapshot by Tyler Randell.
5:10 of 2nd period - Shot Blocked by Brandon Gormley.
5:12 of 2nd period - Slapshot by Shane Sims.
5:12 of 2nd period - Stopped by Jason Missiaen with a rebound.
6:23 of 2nd period - Daniel Paille is hit by Tyler Randell and loses puck.
6:59 of 2nd period - Erik Gustafsson is hit by Evgeny Kuznetsov and loses puck.
7:08 of 2nd period - Penalty to Cédric Lalonde-McNicoll is over, Cédric Lalonde-McNicoll is back on ice.
7:14 of 2nd period - Slapshot by Cédric Lalonde-McNicoll.
7:14 of 2nd period - Goal by Cédric Lalonde-McNicoll - Remparts : 1 - Patriotes : 1.
7:15 of 2nd period - Aleksander Barkov wins face-off versus Brandon Mashinter in neutral zone.
7:19 of 2nd period - Off-side.
7:20 of 2nd period - Aleksander Barkov wins face-off versus Brandon Mashinter in neutral zone.
7:23 of 2nd period - Brandon Mashinter is hit by Justin Florek and loses puck.
7:42 of 2nd period - Brandon Gormley is hit by Borna Rendulic and loses puck.
8:19 of 2nd period - David Kolomatis is hit by Brandon Mashinter and loses puck.
8:30 of 2nd period - Slapshot by Brandon Gormley.
8:30 of 2nd period - Shot Blocked by Shea Theodore.
9:00 of 2nd period - Slapshot by Shea Theodore.
9:00 of 2nd period - Stopped by Jason Missiaen without a rebound.
9:01 of 2nd period - Max Reinhart wins face-off versus Christian Hanson in Remparts zone.
9:42 of 2nd period - Shane Sims is hit by Daniel Paille and loses puck.
10:01 of 2nd period - Slapshot by Jared Knight.
10:01 of 2nd period - Shot Misses the Net.
10:03 of 2nd period - Slapshot by Dillon Heatherington.
10:03 of 2nd period - Stopped by Jason Missiaen without a rebound.
10:04 of 2nd period - Jason Zucker wins face-off versus Max Reinhart in Remparts zone.
10:05 of 2nd period - Wrist shot by Tyler Randell.
10:05 of 2nd period - Shot Blocked by Griffin Reinhart.
10:07 of 2nd period - Backhand shot by Dillon Heatherington.
10:07 of 2nd period - Shot Blocked by Pontus Aberg.
10:09 of 2nd period - Slapshot by Timothy Kunes.
10:09 of 2nd period - Stopped by Jason Missiaen with a rebound.
10:11 of 2nd period - Wrist shot by Tyler Randell.
10:11 of 2nd period - Stopped by Jason Missiaen without a rebound.
10:12 of 2nd period - Max Reinhart wins face-off versus Christian Hanson in Remparts zone.
10:12 of 2nd period - Max Reinhart is hit by Tyler Randell.
10:22 of 2nd period - Ryan Strome is hit by Dillon Heatherington and loses puck.
10:37 of 2nd period - Snap shot by Vince Hinostroza.
10:37 of 2nd period - Shot Misses the Net.
10:39 of 2nd period - Slapshot by Vince Hinostroza.
10:39 of 2nd period - Shot Misses the Net.
10:49 of 2nd period - Slapshot by Vince Hinostroza.
10:49 of 2nd period - Shot Misses the Net.
11:46 of 2nd period - Brandon Mashinter is hit by Dillon Heatherington and loses puck.
12:40 of 2nd period - Roberts Lipsbergs is hit by Borna Rendulic and loses puck.
13:01 of 2nd period - Wrist shot by Christian Hanson.
13:01 of 2nd period - Shot Misses the Net.
14:09 of 2nd period - Erik Gustafsson is hit by Emerson Etem and loses puck.
14:42 of 2nd period - Dillon Heatherington is hit by Erik Gustafsson and loses puck.
14:51 of 2nd period - Niklas Hansson is hit by Matt Calvert and loses puck.
15:25 of 2nd period - David Kolomatis is hit by Michal Jordan and loses puck.
15:45 of 2nd period - Tyler Randell is hit by Brandon Gormley and loses puck.
15:59 of 2nd period - Snap shot by Chris Mueller.
15:59 of 2nd period - Shot Misses the Net.
16:01 of 2nd period - Slapshot by Anton Zlobin.
16:01 of 2nd period - Stopped by Thomas Greiss without a rebound.
16:02 of 2nd period - Max Reinhart wins face-off versus Aleksander Barkov in Patriotes zone.
16:15 of 2nd period - Slapshot by Pontus Aberg.
16:15 of 2nd period - Shot Misses the Net.
16:35 of 2nd period - Michal Jordan is hit by Timothy Kunes and loses puck.
16:56 of 2nd period - Snap shot by Cédric Lalonde-McNicoll.
16:56 of 2nd period - Stopped by Thomas Greiss without a rebound.
16:57 of 2nd period - Max Reinhart wins face-off versus Christian Hanson in Patriotes zone.
16:58 of 2nd period - Snap shot by Ryan Strome.
16:58 of 2nd period - Stopped by Thomas Greiss with a rebound.
17:24 of 2nd period - Justin Williams is hit by David Kolomatis and loses puck.
17:44 of 2nd period - Icing by Michal Jordan.
17:45 of 2nd period - Jared Knight wins face-off versus Cédric Lalonde-McNicoll in Remparts zone.
17:47 of 2nd period - Minor Penalty to Jared Knight for Hooking.
17:48 of 2nd period - Max Reinhart wins face-off versus Jason Zucker in Patriotes zone.
17:48 of 2nd period - Wrist shot by Pontus Aberg.
17:48 of 2nd period - Shot Blocked by Christian Hanson.
17:58 of 2nd period - Slapshot by Brandon Gormley.
17:58 of 2nd period - Shot Blocked by Shane Sims.
18:14 of 2nd period - Timothy Kunes is hit by Nail Yakupov.
19:06 of 2nd period - Pontus Aberg is hit by Tyler Randell and loses puck.
19:47 of 2nd period - Penalty to Jared Knight is over, Jared Knight is back on ice.
19:55 of 2nd period - Snap shot by Justin Williams.
19:55 of 2nd period - Stopped by Thomas Greiss with a rebound.
19:57 of 2nd period - Wrist shot by Brandon Mashinter.
19:57 of 2nd period - Shot Misses the Net.
19:59 of 2nd period - Backhand shot by Viktor Baldayev.
19:59 of 2nd period - Stopped by Thomas Greiss without a rebound.
Goals for this period are 1 for Remparts vs 0 for Patriotes.
Shots for this period are 8 for Remparts vs 12 for Patriotes.
3rd period
0:01 of 3rd period - Christian Hanson wins face-off versus Max Reinhart in neutral zone.
0:15 of 3rd period - Wrist shot by Jason Zucker.
0:15 of 3rd period - Shot Misses the Net.
0:21 of 3rd period - Minor Penalty to Ryan Strome for Diving.
0:22 of 3rd period - Christian Hanson wins face-off versus Max Reinhart in Remparts zone.
2:15 of 3rd period - Icing by Jason Zucker.
2:16 of 3rd period - Christian Hanson wins face-off versus Cédric Lalonde-McNicoll in Patriotes zone.
2:21 of 3rd period - Penalty to Ryan Strome is over, Ryan Strome is back on ice.
2:29 of 3rd period - Snap shot by Jared Knight.
2:29 of 3rd period - Shot Blocked by Cédric Lalonde-McNicoll.
2:31 of 3rd period - Slapshot by Dale Weise.
2:31 of 3rd period - Stopped by Jason Missiaen with a rebound.
2:43 of 3rd period - Slapshot by Brandon Mashinter.
2:43 of 3rd period - Stopped by Thomas Greiss with a rebound.
3:01 of 3rd period - Backhand shot by Justin Florek.
3:01 of 3rd period - Stopped by Jason Missiaen without a rebound.
3:02 of 3rd period - Chris Mueller wins face-off versus Aleksander Barkov in Remparts zone.
3:17 of 3rd period - Snap shot by Chris Mueller.
3:17 of 3rd period - Stopped by Thomas Greiss with a rebound.
3:32 of 3rd period - Snap shot by Aleksander Barkov.
3:32 of 3rd period - Stopped by Jason Missiaen with a rebound.
3:56 of 3rd period - Snap shot by Shane Sims.
3:56 of 3rd period - Shot Misses the Net.
3:58 of 3rd period - Snap shot by Aleksander Barkov.
3:58 of 3rd period - Stopped by Jason Missiaen with a rebound.
4:00 of 3rd period - Snap shot by Aleksander Barkov.
4:00 of 3rd period - Stopped by Jason Missiaen without a rebound.
4:01 of 3rd period - Brandon Mashinter wins face-off versus Christian Hanson in Remparts zone.
4:01 of 3rd period - Brandon Mashinter is hit by Tyler Randell.
4:06 of 3rd period - Off-side.
4:07 of 3rd period - Tyler Randell wins face-off versus Brandon Mashinter in neutral zone.
5:39 of 3rd period - Slapshot by Evgeny Kuznetsov.
5:39 of 3rd period - Shot Blocked by Ryan Strome.
5:43 of 3rd period - Snap shot by Emerson Etem.
5:43 of 3rd period - Goal by Emerson Etem - Remparts : 1 - Patriotes : 2.
5:44 of 3rd period - Tyler Randell wins face-off versus Cédric Lalonde-McNicoll in neutral zone.
5:51 of 3rd period - Griffin Reinhart is hit by Shea Theodore and loses puck.
5:58 of 3rd period - Snap shot by Tyler Randell.
5:58 of 3rd period - Shot Blocked by Daniel Paille.
6:10 of 3rd period - Shea Theodore is hit by Brandon Mashinter and loses puck.
6:15 of 3rd period - Wrist shot by Brandon Mashinter.
6:15 of 3rd period - Stopped by Thomas Greiss without a rebound.
6:16 of 3rd period - Brandon Mashinter wins face-off versus Christian Hanson in Patriotes zone.
7:26 of 3rd period - Snap shot by Jason Zucker.
7:26 of 3rd period - Stopped by Jason Missiaen with a rebound.
7:32 of 3rd period - Christian Hanson is hit by Griffin Reinhart.
7:54 of 3rd period - Michal Jordan is hit by Evgeny Kuznetsov and loses puck.
8:27 of 3rd period - Slapshot by Pontus Aberg.
8:27 of 3rd period - Stopped by Thomas Greiss with a rebound.
8:35 of 3rd period - Snap shot by Ryan Strome.
8:35 of 3rd period - Stopped by Thomas Greiss with a rebound.
8:37 of 3rd period - Slapshot by Brandon Gormley.
8:37 of 3rd period - Shot Blocked by Shane Sims.
8:59 of 3rd period - Minor Penalty to David Kolomatis for Hooking.
9:00 of 3rd period - Max Reinhart wins face-off versus Jason Zucker in Patriotes zone.
9:42 of 3rd period - Daniel Paille is hit by Timothy Kunes and loses puck.
10:03 of 3rd period - Dillon Heatherington is hit by Max Reinhart and loses puck.
10:59 of 3rd period - Penalty to David Kolomatis is over, David Kolomatis is back on ice.
11:06 of 3rd period - Justin Williams is hit by Aleksander Barkov and loses puck.
11:29 of 3rd period - Chris Mueller is hit by Timothy Kunes and loses puck.
11:54 of 3rd period - Viktor Baldayev is hit by Dale Weise and loses puck.
13:24 of 3rd period - Vince Hinostroza is hit by Nail Yakupov and loses puck.
14:35 of 3rd period - Shane Sims is hit by Pontus Aberg and loses puck.
14:54 of 3rd period - Slapshot by Shane Sims.
14:54 of 3rd period - Shot Blocked by Justin Williams.
14:54 of 3rd period - Justin Williams from Remparts is injured at 14:54 of 3rd period (Back).
14:55 of 3rd period - Christian Hanson wins face-off versus Max Reinhart in Remparts zone.
14:56 of 3rd period - Snap shot by Tyler Randell.
14:56 of 3rd period - Stopped by Jason Missiaen with a rebound.
14:58 of 3rd period - Wrist shot by Timothy Kunes.
14:58 of 3rd period - Deflect By Christian Hanson.
14:58 of 3rd period - Shot Misses the Net.
14:58 of 3rd period - Puck is out of play.
14:59 of 3rd period - Max Reinhart wins face-off versus Jason Zucker in Remparts zone.
15:04 of 3rd period - Tyler Randell is hit by Pontus Aberg and loses puck.
15:38 of 3rd period - Snap shot by Matt Calvert.
15:38 of 3rd period - Shot Misses the Net.
15:40 of 3rd period - Snap shot by Emerson Etem.
15:40 of 3rd period - Shot Misses the Net.
16:04 of 3rd period - Aleksander Barkov is hit by Anton Zlobin.
16:14 of 3rd period - Slapshot by Griffin Reinhart.
16:14 of 3rd period - Shot Blocked by Shea Theodore.
16:16 of 3rd period - Backhand shot by Ryan Strome.
16:16 of 3rd period - Stopped by Thomas Greiss without a rebound.
16:17 of 3rd period - Max Reinhart wins face-off versus Vince Hinostroza in Patriotes zone.
16:25 of 3rd period - Icing by Pontus Aberg.
16:26 of 3rd period - Max Reinhart wins face-off versus Christian Hanson in Remparts zone.
16:26 of 3rd period - Max Reinhart is hit by Dillon Heatherington.
17:06 of 3rd period - Snap shot by Nail Yakupov.
17:06 of 3rd period - Stopped by Thomas Greiss without a rebound.
17:07 of 3rd period - Cédric Lalonde-McNicoll wins face-off versus Aleksander Barkov in Patriotes zone.
17:12 of 3rd period - Slapshot by Daniel Paille.
17:12 of 3rd period - Shot Misses the Net.
17:15 of 3rd period - Icing by Justin Florek.
17:16 of 3rd period - Aleksander Barkov wins face-off versus Daniel Paille in Patriotes zone.
17:35 of 3rd period - Slapshot by Brandon Gormley.
17:35 of 3rd period - Deflect By Nail Yakupov.
17:35 of 3rd period - Shot Blocked by Borna Rendulic.
17:35 of 3rd period - Puck is out of play.
17:36 of 3rd period - Christian Hanson wins face-off versus Brandon Mashinter in Patriotes zone.
18:01 of 3rd period - Viktor Baldayev is hit by Borna Rendulic and loses puck.
18:57 of 3rd period - Snap shot by Christian Hanson.
18:57 of 3rd period - Stopped by Jason Missiaen without a rebound.
18:58 of 3rd period - Glen Gulutzan call a timeout for Remparts.
18:58 of 3rd period - Christian Hanson wins face-off versus Max Reinhart in Remparts zone.
19:05 of 3rd period - Timothy Kunes is hit by Brandon Gormley and loses puck.
19:08 of 3rd period - Remparts, Jason Missiaen is pulled from the net.
19:14 of 3rd period - Snap shot by Jason Zucker.
19:14 of 3rd period - Goal by Jason Zucker - Remparts : 1 - Patriotes : 3.
19:14 of 3rd period - Jason Missiaen from Remparts was sent back in the game.
19:15 of 3rd period - Evgeny Kuznetsov wins face-off versus Brandon Mashinter in neutral zone.
Goals for this period are 0 for Remparts vs 2 for Patriotes.
Shots for this period are 7 for Remparts vs 10 for Patriotes.
Back to the Top